 Dungeon Crawl Stone Soup version 0.23.1 (webtiles) character file.

Game seed: 3852258123847354717

23 Borgoz the Sneak (level 2, -1/22 HPs)
             Began as a Ghoul Enchanter on Mar 3, 2019.
             Slain by a gnoll
             ... wielding a +0 spear
              (8 damage)
             ... on level 2 of the Dungeon.
             The game lasted 00:01:11 (544 turns).

Borgoz the Sneak (Ghoul Enchanter)                   Turns: 544, Time: 00:01:12

Health: -1/22      AC:  2    Str: 11    XL:     2   Next: 95%
Magic:  3/3        EV: 12    Int: 10    God:
Gold:   31         SH:  0    Dex:  9    Spells: 3/4 levels left

rFire    . . .     SeeInvis .   a - +1 dagger
rCold    + . .     Gourm    .   (no shield)
rNeg     + + +     Faith    .   b - +0 robe
rPois    ∞         Spirit   .   (no helmet)
rElec    .         Reflect  .   (no cloak)
rCorr    .         Harm     .   (no gloves)
MR       .....                  (no boots)
Stlth    ++........             (no amulet)
HPRegen  0.00/turn              (no ring)
MPRegen  0.08/turn              (no ring)

@: flying, rotting
A: rotting body, claws 1, carnivore, cold resistance 1, negative energy
resistance 3, inhibited regeneration, torment resistance, unbreathing
a: no special abilities


You were on level 2 of the Dungeon.
You were not hungry.

You visited 1 branch of the dungeon, and saw 2 of its levels.

You collected 31 gold pieces.

Inventory:

Hand Weapons
 a - a +1 dagger (weapon)
Armour
 b - a +0 robe (worn)
Scrolls
 e - a scroll of remove curse {unknown}
Comestibles
 d - a ration


   Skills:
 + Level 0.8 Fighting
 * Level 1.6 Short Blades
 + Level 0.6 Armour
 * Level 2.2 Dodging
 - Level 3.2 Stealth
 - Level 1.7 Spellcasting
 - Level 2.4 Hexes


You had 3 spell levels left.
You knew the following spells:

 Your Spells              Type           Power        Failure   Level  Hunger
a - Corona                Hex            #......      12%         1    ##.....

Your spell library contained the following spells:

 Spells                   Type           Power        Failure   Level  Hunger
 Ensorcelled Hibernation  Hex/Ice        #.....       30%         2    ###....
 Confuse                  Hex            #.......     34%         3    ####...
 Tukima's Dance           Hex            #.......     34%         3    ####...
 Dazzling Spray           Conj/Hex       #.....       52%         3    ####...


Dungeon Overview and Level Annotations

Branches:
Dungeon (2/15)

Altars:
Wu Jian


Innate Abilities, Weirdness & Mutations

Your body is rotting away.
You thrive on raw meat.
You are immune to poison.
You have sharp fingernails.
You are carnivorous and can eat meat at any time.
Your flesh is cold resistant. (rC+)
You are immune to negative energy. (rN+++)
You do not regenerate when monsters are visible.
You are immune to unholy pain and torment.
You can survive without breathing.


Message History

A gnoll comes into view. It is wielding a +0 whip.
The gnoll shouts!
The gnoll closely misses you.
As you read the scroll labeled QYUNEOCINUI, it crumbles to dust.
The scroll dissolves into smoke.
It was a scroll of fog.
The gnoll hits you but does no damage. The rat barely misses you.
Found a club and 7 javelins.
Found an inky potion.
You see here an inky potion.
c - an inky potion The gnoll hits you from afar with a +0 spear.
It was a potion of flight.
You feel very buoyant.
You fly up into the air.
The rat misses you.
The gnoll hits you from afar with a +0 spear!
Ouch! That really hurt!
The rat closely misses you.
The gnoll hits you from afar with a +0 spear!
You die...

...........
............
#........
............+
#.......
............#
#......
g..##§......# #.....
..§##.§.....###.....
.§§§§§............#
###§§§......)(....#
# #§§§§.......g.@.#
# #§§§........gr..#
# #§..#........g..#
# #§§.#.####......#
# #.§§#.# #......# #
#...#.# ######## #
#...#.# ## #.# #.#


You could see 3 gnolls and a rat.

Vanquished Creatures
  An ooze (D:1)
  A giant cockroach (D:1)
  4 goblins (D:1)
  3 hobgoblins
  4 jackals (D:1)
  A kobold (D:1)
  A bat (D:1)
  A rat (D:1)
16 creatures vanquished.

Notes
Turn   | Place    | Note
-------+----------+-------------------------------------------
     0 | D:1      | Borgoz the Ghoul Enchanter began the quest for the Orb.
     0 | D:1      | Reached XP level 1. HP: 14/14 MP: 2/2
   150 | D:1      | Reached skill level 1 in Short Blades
   187 | D:1      | Reached XP level 2. HP: 16/22 MP: 3/3
   505 | D:1      | You fall through a shaft!
   505 | D:2      | Found an ornate altar of the Wu Jian Council.
   544 | D:2      | Slain by a gnoll

Skill      XL: |  1 |
---------------+----+-----
Short Blades   | 1 |  1.6
Dodging        | 2 |  2.2
Fighting       | |  0.8
Armour         | |  0.6
Stealth        | |  3.2
Spellcasting   | |  1.7
Hexes          | |  2.4

Action                   || total
-------------------------++-------
Melee: Dagger            ||    70
  Use: Scroll            ||     1
       Potion            ||     1
 Stab: Sleeping          ||     5
  Eat: Chunk             ||     8
Armor: Robe              ||    10
Dodge: Dodged            ||    50
